 Dungeon Crawl Stone Soup version 0.21.0-3-g78d12a8 (webtiles) character file.

9045 IksarHS the Blocker (level 11, 0/78 HPs)
             Began as a Human Artificer on Jan 14, 2018.
             Was a Believer of Ashenzari.
             Slain by a troll (5 damage)
             ... on level 10 of the Dungeon.
             The game lasted 00:59:15 (15159 turns).

IksarHS the Blocker (Human Artificer)              Turns: 15159, Time: 00:59:15

Health: 0/78       AC: 16    Str: 17      XL:     11   Next: 67%
Magic:  5/5        EV:  5    Int: 12      God:    Ashenzari [**....]
Gold:   666        SH: 15    Dex: 13 (14) Spells: 10/10 levels left

rFire    . . .     SeeInvis .   s - +3 war axe of Zofes {antimagic, Str+2}
rCold    . . .     Gourm    .   l - +0 shield (curse)
rNeg     . . .     Faith    .   b - +0 plate armour
rPois    .         Spirit   .   p - +1 helmet
rElec    .         Reflect  +   F - scarf {repulsion} (curse)
rCorr    .         Harm     .   w - +0 pair of gloves
MR       +....                  (no boots)
Stlth    ..........             e - +3 amulet of reflection (curse)
HPRegen  0.23/turn              g - ring of wizardry
MPRegen  0.09/turn              n - ring of protection from magic (curse)

@: repel missiles
A: no striking features
a: Curse Item, Scrying, Renounce Religion


You were on level 10 of the Dungeon.
You worshipped Ashenzari.
Ashenzari was pleased with you.
You were hungry.

You visited 2 branches of the dungeon, and saw 11 of its levels.

You collected 666 gold pieces.

Inventory:

Hand Weapons
 d - a +0 morningstar
 s - the +3 war axe of Zofes (weapon) {antimagic, Str+2}
   (You took it off a centaur on level 10 of the Dungeon)

   It reduces the magical energy of the wielder, and disrupts the spells and
   magical abilities of those hit.
   Natural abilities and divine invocations are not affected.
   It affects your strength (+2).
 v - a +3 hand axe of chopping
Armour
 b - a +0 plate armour (worn)
 l - a cursed +0 shield (worn)
 p - a +1 helmet (worn)
 w - a +0 pair of gloves (worn)
 F - a cursed scarf of repulsion (worn)
Jewellery
 e - a cursed +3 amulet of reflection (around neck)
 g - a ring of wizardry (left hand)
 n - a cursed ring of protection from magic (right hand)
 C - an uncursed ring of protection from cold
Wands
 r - a wand of polymorph (6)
 D - a wand of random effects (23)
 E - a wand of clouds (4)
 I - a wand of iceblast (4)
Scrolls
 c - a scroll of fog
 h - 2 scrolls of noise {unknown}
 j - 4 scrolls of enchant armour
 k - 7 scrolls of identify
 o - a scroll of fear
 q - 2 scrolls of blinking {unknown}
 u - 6 scrolls of remove curse
 x - 3 scrolls of teleportation {unknown}
 y - a scroll of vulnerability {unknown}
 A - a scroll of amnesia {unknown}
 B - a scroll of magic mapping {unknown}
Potions
 i - 2 potions of agility
 m - 2 potions of might
 z - a potion of berserk rage {unknown}
Books
 a - a book of Air

   Spells                             Type                      Level
   a - Shock                          Conjuration/Air              1
   b - Swiftness                      Charms/Air                   2
   c - Static Discharge               Conjuration/Air              3
   d - Airstrike                      Air                          4
   e - Lightning Bolt                 Conjuration/Air              5
 H - a book of Callings

   Spells                             Type                      Level
   a - Summon Small Mammal            Summoning                    1
   b - Call Imp                       Summoning                    2
   c - Call Canine Familiar           Summoning                    3
   d - Summon Guardian Golem          Hexes/Summoning              3
   e - Summon Lightning Spire         Summoning/Air                4
   f - Summon Ice Beast               Ice/Summoning                4
Comestibles
 f - 16 rations
 t - 2 chunks of flesh


   Skills:
 + Level 4.8 Fighting
   Level 1.8 Short Blades
 + Level 10.0 Axes
 - Level 6.1 Armour
 - Level 2.0 Dodging
 - Level 1.0 Stealth
 + Level 10.6(11.9) Shields
 + Level 5.7(7.2) Evocations


You had 10 spell levels left.
You didn't know any spells.

Dungeon Overview and Level Annotations

Branches:
Dungeon (10/15)            Temple (1/1) D:4
   Lair: D:8-11         Orc: D:9-12

Altars:
Ashenzari
Cheibriados
Dithmenos
Elyvilon
Fedhas
Gozag
Hepliaklqana
Kikubaaqudgha
Makhleb
Nemelex Xobeh
Okawaru
Qazlal
Ru
Sif Muna
Trog
Uskayaw
Vehumet
Wu Jian
Xom
Yredelemnul
Zin
The Shining One

Annotations:
D:7 1 runed door


Message History

The troll is severely wounded.
You block the troll's attack. x3
You slash the troll!
The troll is almost dead.
You block the troll's attack. The troll claws you.
* * * LOW HITPOINT WARNING * * *
You block the troll's attack.
You barely miss the troll.
The troll is almost dead.
The troll bites you.
* * * LOW HITPOINT WARNING * * *
The troll claws you.
* * * LOW HITPOINT WARNING * * *
The troll claws you.
* * * LOW HITPOINT WARNING * * *
Okay, then.
Your shield and plate armour prevent you from hitting the troll.
The troll is almost dead.
The troll bites you.
You die...

, * * , ... , ,, , , .., , ##
.. ... ,, #.. , #.,, .#. ,
#..###.#.###.#.### * * **
#......#.....#... , , ,
#.....,..#..(T.# ,, **
*#...###.#.###@# ###. ,
*#......#...(.#..... ,
*#.....†..#....(#
#....###.#.###.# * *
#.#......#.....# * ,
###.##......(.#....)# . #
#.........###(#.###.#.###
#####............#.....#..[..
,
#)..#........................
,,


You could see a troll.

Vanquished Creatures
  A two-headed ogre (D:8)
  Joseph (D:7)
  A gargoyle (D:8)
  6 centaurs
  A hornet (D:8)
  A hippogriff (D:10)
  A wyvern (D:10)
  6 yaks (D:9)
  A hungry ghost (D:9)
  2 soldier ants (D:8)
  An orc warrior (D:9)
  3 ice beasts
  2 phantoms
  3 sky beasts
  2 black bears
  7 ogres
  3 big kobolds
  4 bullfrogs
  22 killer bees
  4 howler monkeys
  2 centaur zombies
  3 crimson imps
  3 bullfrog zombies
  4 jellies (D:10)
  A quasit (D:10)
  3 hounds
  6 orc priests
  3 orc wizards (D:10)
  3 bullfrog skeletons
  An iguana (D:8)
  8 worker ants
  A hound skeleton (D:5)
  6 gnolls
  A howler monkey zombie (D:9)
  A howler monkey skeleton (D:10)
  15 adders
  A shadow imp (D:7)
  2 oozes
  6 worms
  7 leopard geckos
  40 orcs
  7 bats
  6 giant cockroaches
  8 goblins
  9 hobgoblins
  13 jackals
  12 kobolds
  4 quokkas
  2 frilled lizards
  A jackal skeleton (D:7)
  2 quokka skeletons
  7 rats
260 creatures vanquished.

Vanquished Creatures (collateral kills)
  An ogre (D:5)
  A sky beast (D:5)
  A gnoll shaman (D:4)
  A worm (D:5)
  An orc (D:4)
  2 jackals (D:5)
  A quokka skeleton (D:4)
8 creatures vanquished.

Vanquished Creatures (others)
  A deep elf mage (D:10)
  An ice beast (D:5)
  A centaur (D:5)
  A howler monkey (D:5)
  A jelly (D:8)
  A gnoll (D:5)
  An orc wizard (D:10)
  A shadow imp (D:5)
  A giant cockroach (D:5)
  A hobgoblin (D:3)
  A kobold (D:8)
11 creatures vanquished.

Grand Total: 279 creatures vanquished

Notes
Turn   | Place    | Note
-------+----------+-------------------------------------------
     0 | D:1      | IksarHS the Human Artificer began the quest for the Orb.
     0 | D:1      | Reached XP level 1. HP: 15/15 MP: 3/3
   102 | D:1      | Reached XP level 2. HP: 8/21 MP: 4/4
   456 | D:1      | Reached XP level 3. HP: 21/27 MP: 5/5
  1378 | D:2      | Reached skill level 1 in Shields
  1746 | D:2      | Reached XP level 4. HP: 32/33 MP: 6/6
  3396 | D:3      | Reached XP level 5. HP: 36/38 MP: 7/7
  4202 | D:4      | Reached skill level 1 in Axes
  4592 | D:4      | Found a staircase to the Ecumenical Temple.
  4605 | Temple   | Entered the Ecumenical Temple
  4920 | Temple   | Became a worshipper of Ashenzari the Shackled
  4948 | D:4      | Reached XP level 6. HP: 29/44 MP: 8/8
  5792 | D:3      | Found an opulent altar of Gozag.
  6565 | D:4      | Reached XP level 7. HP: 49/49 MP: 9/9
  6571 | D:5      | Entered Level 5 of the Dungeon
  6834 | D:5      | Reached skill level 5 in Shields
  7137 | D:5      | Noticed a centaur
  7195 | D:5      | Killed a centaur
  7195 | D:5      | Reached skill level 5 in Axes
  7195 | D:5      | Reached XP level 8. HP: 26/55 MP: 10/10
  8307 | D:6      | Reached XP level 9. HP: 60/61 MP: 11/11
  8318 | D:6      | Reached skill level 1 in Armour
  8722 | D:6      | Identified the +0 robe of Beauty {-Cast rC- rN+++ Str+7}
  9138 | D:6      | Reached * piety under Ashenzari
  9737 | D:7      | Noticed Joseph
  9747 | D:7      | Killed Joseph
 10126 | D:7      | Noticed a sixfirhy
 10127 | D:7      | Found a runed door.
 10786 | D:8      | Noticed a two-headed ogre
 10796 | D:8      | Killed a two-headed ogre
 10796 | D:8      | Reached XP level 10. HP: 67/67 MP: 12/12
 10806 | D:8      | Reached skill level 5 in Armour
 12019 | D:8      | Noticed a gargoyle
 12055 | D:8      | Killed a gargoyle
 12507 | D:9      | Reached XP level 11. HP: 33/74 MP: 12/14
 12523 | D:9      | Reached skill level 10 in Shields
 12918 | D:9      | Reached ** piety under Ashenzari
 13757 | D:10     | Entered Level 10 of the Dungeon
 13798 | D:10     | Reached skill level 5 in Evocations
 14824 | D:10     | Got the war axe of Zofes {antimagic, Str+2}
 14825 | D:10     | Identified the +3 war axe of Zofes {antimagic, Str+2} (You took it off a centaur on level 10 of the Dungeon)
 14890 | D:10     | Found a white marble altar of Elyvilon.
 14890 | D:10     | Noticed a deep elf mage
 14900 | D:10     | Killed a deep elf mage
 14900 | D:10     | Reached skill level 10 in Axes
 15159 | D:10     | Slain by a troll

Skill      XL: |  1  2  3  4  5  6  7  8  9 10 11 |
---------------+----------------------------------+-----
Shields        | 1 3 4 6 7 9 10 | 10.6
Axes           | 2 3 5 6 8 9 10 | 10.0
Armour         | 4 6 |  6.1
Fighting       | 2 4 |  4.8
Evocations     | 4 5 |  5.7
Short Blades   | |  1.8
Dodging        | |  2.0
Stealth        | |  1.0

Action                   |  1- 3 |  4- 6 |  7- 9 | 10-12 || total
-------------------------+-------+-------+-------+-------++-------
Melee: Short sword       |   131 |   127 |       |       ||   258
       Hand axe          |       |    97 |   412 |   515 ||  1024
       War axe           |       |       |       |    58 ||    58
Invok: Curse Item        |       |     2 |       |     2 ||     4
Evoke: Wand              |     2 |    22 |    30 |    20 ||    74
  Use: Potion            |       |     1 |     9 |     6 ||    16
       Scroll            |       |       |     6 |     1 ||     7
 Stab: Sleeping          |     4 |     2 |     1 |       ||     7
       Paralysed         |       |     4 |     3 |       ||     7
       Invisible         |       |       |       |     2 ||     2
  Eat: Ration            |     1 |     3 |     3 |     4 ||    11
       Chunk             |       |     6 |     2 |     2 ||    10
Armor: Leather armour    |    29 |    33 |    34 |       ||    96
       Chain mail        |       |       |   115 |   114 ||   229
       Plate armour      |       |       |       |   175 ||   175
Dodge: Dodged            |    68 |    82 |    85 |   101 ||   336
       Deflected         |       |       |       |     3 ||     3
Block: Shield            |    21 |    87 |   186 |   420 ||   714
       Reflection        |       |       |     1 |    18 ||    19
